 Dungeon Sprint DCSS version 0.29-a0-721-g7f417c9bbb (webtiles) character file.

Game seed: 14400231166302151345

60 mhtbhm the Covert (level 3, -1/24 HPs)
             Began as a Spriggan Enchanter on June 27, 2022.
             Slain by a water elemental (19 damage)
             ... in the Dungeon (Sprint III: "The Ten Rune Challenge").
             The game lasted 00:00:48 (237 turns).

mhtbhm the Covert (Spriggan Enchanter)               Turns: 237, Time: 00:00:49

Health: -1/24      AC:  2    Str:  4    XL:     3   Next: 80%
Magic:  9/9        EV: 18    Int: 16    God:
Gold:   22         SH:  0    Dex: 17    Spells: 2/10 levels left

rFire   . . .      SeeInvis +   a - +1 dagger
rCold   . . .      Faith    .   (no shield)
rNeg    . . .      Spirit   .   b - +0 robe
rPois   .          Reflect  .   (helmet restricted)
rElec   .          Harm     .   (no cloak)
rCorr   .          Rampage  .   (gloves unavailable)
Will    .....      NoTele   +   (boots unavailable)
Stlth   ..........              (no amulet)
HPRegen 0.08/turn               (no ring)
MPRegen 0.11/turn               (no ring)

@: berserking, invisible, very quick
A: very small, no large weapons, unfitting armour, see invisible, speed 3
a: no special abilities


You were in the Dungeon.
You visited 1 branch You collected 22 gold pieces.

Inventory:

Hand Weapons
 a - a +1 dagger (weapon)
Armour
 b - a +0 robe (worn)
Scrolls
 i - a scroll of blinking
 k - 2 scrolls of poison {unknown}
 l - 3 scrolls of identify
Potions
 c - a potion of invisibility
 d - a potion of curing
 e - a potion of heal wounds
 f - a potion of haste
 g - 2 potions of magic
 j - 3 potions of mutation {unknown}
 m - 2 potions of flight {unknown}
 n - a potion of degeneration {unknown}


   Skills:
 + Level 1.9 Short Blades
 + Level 4.0 Dodging
 + Level 8.1 Stealth
 + Level 4.4 Spellcasting
 + Level 6.5 Hexes


You had 2 spell levels left.
You knew the following spells:

 Your Spells              Type           Power      Damage    Failure   Level
a - Ensorcelled Hibernat  Hex/Ice        28%        N/A       6%          2
b - Confusing Touch       Hex            24%        N/A       3%          3
c - Tukima's Dance        Hex            24%        N/A       3%          3

Your spell library contained the following spells:

 Spells                   Type           Power      Damage    Failure   Level
 Dazzling Flash           Conj/Hex       26%        N/A       13%         3


Dungeon Overview and Level Annotations

Branches:
Dungeon (1/1)

Altars:


Innate Abilities, Weirdness & Mutations

You are very small and have problems with some larger weapons.
You are too small for most types of armour.
You have supernaturally acute eyesight. (SInv)
You cover ground extremely quickly. (Speed+++)


Message History

m - 2 inky potions (gained 1)
You now have 22 gold pieces (gained 8).
There is an open door here.
The human shouts!
Cast which spell? (? or * to list)
Aiming: Ensorcelled Hibernation (safe; 7% risk of failure)
Press: ? - help, Shift-Dir - straight line, f - human
Aim: a human (chance to affect: 47%)
The human looks drowsy...
The helpless human fails to defend itself.
You spit the human like a pig!!!
You kill the human!
Your Dodging skill increases to level 4!
Your Stealth skill increases to level 8!
Unknown command.
Okay, then.
You start resting.
Magic restored.
You open the door.
A water elemental comes into view.
There is an open door to the Ecumenical Temple here.
The water elemental misses you.
There is an open door to the Ecumenical Temple here.
You start waiting.
A water elemental is nearby!
There is an open door to the Ecumenical Temple here.
You hit the water elemental but do no damage.
The water elemental misses you.
Unknown command.
You fade into invisibility!
A red film seems to cover your vision as you go berserk!
You feel yourself moving faster!
You feel mighty!
You hit the water elemental.
The water elemental is lightly damaged.
The water elemental hits you.
You completely miss the water elemental.
The water elemental is lightly damaged.
The water elemental hits you!!
Ouch! That really hurt!
You die...

▓#'####....♣♣♣ ♣.#
▓.....#....≈♣♣ ♣♣.###+#+###
▓.....#...≈≈.♣.♣..#........
▓....[#..≈≈≈≈♣♣...'.⌠......
▓####'#..≈≈≈≈≈≈♣♣.#...####
▓[....#.≈≈≈≈≈≈....#.⌠.#
▓.)...#.≈≈≈≈≈.....#...#
▓.....#.≈≈≈...E...#+###
▓'#####......@....#
▓.................#
▓▓▓▓▓▓▓▓▓▓▓▓▓▓▓▓▓▓▓


You could see a water elemental (can't see you).

Vanquished Creatures
  Jessica (D)
  A human (D)
  A wolf (D)
  An endoplasm (D)
  A rat (D)
5 creatures vanquished.

Notes
Turn   | Place    | Note
-------+----------+-------------------------------------------
     0 | D        | mhtbhm the Spriggan Enchanter began the quest for the Orb.
     0 | D        | Reached XP level 1. HP: 9/9 MP: 5/5
   115 | D        | Noticed Jessica
   118 | D        | Killed Jessica
   119 | D        | Reached skill level 6 in Stealth
   119 | D        | Reached skill level 5 in Hexes
   119 | D        | Reached XP level 2. HP: 13/13 MP: 5/7
   123 | D        | Learned a level 2 spell: Ensorcelled Hibernation
   144 | D        | Reached skill level 7 in Stealth
   144 | D        | Reached XP level 3. HP: 16/16 MP: 6/9
   149 | D        | Learned a level 3 spell: Confusing Touch
   153 | D        | Learned a level 3 spell: Tukima's Dance
   185 | D        | Reached skill level 8 in Stealth
   207 | D        | Noticed a water elemental
   237 | D        | Slain by a water elemental

Illustrated notes

Levels and vault maps discovered:
D:        dungeon_sprint_mu [sprint_mu_entry_forest, sprint_mu_temple_rooms,
          sprint_mu_d1_horrors, sprint_mu_d2_genie, sprint_mu_d3_branching,
          sprint_mu_orc_legion, sprint_mu_elf_gauntlet, sprint_mu_hive_nellie,
          sprint_mu_lair_fedhas, sprint_mu_vaults_butterflies,
          sprint_mu_slime_circle, sprint_mu_swamp_cave, sprint_mu_shoals_kraken,
          sprint_mu_blade_basic, sprint_mu_crypt_lich, sprint_mu_tomb_spiral,
          sprint_mu_vestibule_basic, sprint_mu_gehenna_hellfire,
          sprint_mu_dis_giant, sprint_mu_tartarus_statrot,
          sprint_mu_cocytus_islands, sprint_mu_zot1]

Skill      XL: |  1  2  3 |
---------------+----------+-----
Hexes          | 5 6 |  6.5
Dodging        | 3 4 |  4.0
Stealth        | 6 7 8 |  8.1
Spellcasting   | 3 4 |  4.4
Short Blades   | |  1.9

Action                   || total
-------------------------++-------
Melee: Dagger            ||    11
       Punch             ||     1
 Cast: Ensorcelled Hiber ||     1
  Use: Potion            ||     2
 Stab: Sleeping          ||     4
Dodge: Dodged            ||     5

Table legend: (Time is in decaauts)
 A = Elapsed time spent in this place.
 B = Non-inter-level travel time spent in this place.
 C = Inter-level travel time spent in this place.
 D = Time resting spent in this place.
 E = Time spent auto-exploring this place.
 F = Levels seen in this place.
 G = Mean time per level.
                   A        B        C        D        E       F      G
               +--------+--------+--------+--------+--------+-----+--------+
         Total |    204 |    204 |      0 |    125 |      0 |   1 |  204.0 |
       Dungeon |    204 |    204 |      0 |    125 |      0 |   1 |  204.0 |
               +--------+--------+--------+--------+--------+-----+--------+

Top non-repeatable levels by time:
       D: 204 daAuts
